Workbook

Sheet Itinerary
A1: Date | B1: Time | C1: Departure/Arrival | D1: Location | E1: Check-in | F1: Check-out | G1: Accomodation
A2: 45627 | C2: Departure
A3: =A2 -> 45627 | C3: Arrival | D3: Edinburgh
A4: =A2 -> 45627 | C4: Overnight Trip | D4: Edinburgh
A5: =A2+1 -> 45628 | C5: Overnight Trip | D5: Edinburgh
A6: =A5+1 -> 45629 | C6: Departure | D6: Edinburgh
A7: =A6 -> 45629 | C7: Arrival

Sheet Edinburgh
B1: GBP
A2: Budget | B2: 400
A3: Total Forecast (Activities + Food) | B3: =G53 -> 307.5
A4: GBP Available | B4: =B2-B3 -> 92.5
A5: GBP Actual Spent | B5: =H53 -> 0
A7: Day | B7: Date | C7: Time | D7: Activity | E7: Category | F7: Travel Time | G7: Forecast Cost (GBP) | H7: Actual Cost (GBP) | I7: Notes
A8: 0 | B8: 45627 | C8: 0.33333333
A9: =$A$8 -> 0 | B9: =B8 -> 45627 | C9: 0.375
A10: =$A$8 -> 0 | B10: =B9 -> 45627 | C10: 0.41666667
A11: =$A$8 -> 0 | B11: =B10 -> 45627 | C11: 0.45833333
A12: =$A$8 -> 0 | B12: =B11 -> 45627 | C12: 0.5
A13: =$A$8 -> 0 | B13: =B12 -> 45627 | C13: 0.54166667
A14: =$A$8 -> 0 | B14: =B13 -> 45627 | C14: 0.58333333
A15: =$A$8 -> 0 | B15: =B14 -> 45627 | C15: 0.625
A16: =$A$8 -> 0 | B16: =B15 -> 45627 | C16: 0.66666667
A17: =$A$8 -> 0 | B17: =B16 -> 45627 | C17: 0.70833333
A18: =$A$8 -> 0 | B18: =B17 -> 45627 | C18: 0.75
A19: =$A$8 -> 0 | B19: =B18 -> 45627 | C19: 0.79166667
A20: =$A$8 -> 0 | B20: =B19 -> 45627 | C20: 0.83333333 | D20: Edinburgh Christmas Market 10am-10pm (Dinner) (Jarvis Pickle for Scottish Pie) | E20: Food | F20: 10min walk | G20: 15
A21: =$A$8 -> 0 | B21: =B20 -> 45627 | C21: 0.875 | D21: Mulled Wine Christmas Market | E21: Food | G21: 10
A22: =$A$8 -> 0 | B22: =B21 -> 45627 | C22: 0.91666667 | D22: Hotel | E22: Accomodation | F22: 4min walk | G22: 44
A23: =$A$8+1 -> 1 | B23: =B8+1 -> 45628 | C23: 0.33333333 | D23: Breakfast (The Milkman on Cockburn St) (9am-5pm Sun, 8am-5pm) | E23: Food | F23: 3min walk | G23: 10
A24: =$A$8+1 -> 1 | B24: =B23 -> 45628 | C24: 0.375 | D24: Calton Hill (Nelson Monument, National Monument of Scotland, and Dugald Stewart Monument) | E24: Travel | F24: 13min walk | G24: 0
A25: =$A$8+1 -> 1 | B25: =B24 -> 45628 | C25: 0.41666667 | D25: Holyrood Palace (9:30am-4:30pm, Closed Tues-Weds) (BOOK AHEAD) | E25: Activity | F25: 15min walk | G25: 20
A26: =$A$8+1 -> 1 | B26: =B25 -> 45628 | C26: 0.45833333 | D26: Scottish Parliament (10am-5pm) --> Museum of Edinburgh (10am-5pm) | E26: Activity | F26: 6min walk | G26: 0
A27: =$A$8+1 -> 1 | B27: =B26 -> 45628 | C27: 0.5 | D27: Lunch (Oink Canongate 11am-5pm) | E27: Food | F27: 2min walk | G27: 10
A28: =$A$8+1 -> 1 | B28: =B27 -> 45628 | C28: 0.54166667 | D28: St. Giles Cathedral (9am-5pm Sat, 1-5pm Sun, 10am-6pm Mon-Fri) | E28: Activity | F28: 15min walk | G28: 0
A29: =$A$8+1 -> 1 | B29: =B28 -> 45628 | C29: 0.58333333 | D29: Edinburgh Castle (9:30am-5pm) (BOOK AHEAD) | E29: Activity | F29: 5min walk | G29: 19.5
A30: =$A$8+1 -> 1 | B30: =B29 -> 45628 | C30: 0.625
A31: =$A$8+1 -> 1 | B31: =B30 -> 45628 | C31: 0.66666667 | D31: The Writer's Museum (10am-5pm) | E31: Activity | F31: 5min walk | G31: 0
A32: =$A$8+1 -> 1 | B32: =B31 -> 45628 | C32: 0.70833333 | D32: The Scotch Whisky Experience (10am-6:20pm) (BOOK AHEAD) | E32: Activity | F32: 5min walk | G32: 25
A33: =$A$8+1 -> 1 | B33: =B32 -> 45628 | C33: 0.75
A34: =$A$8+1 -> 1 | B34: =B33 -> 45628 | C34: 0.79166667 | D34: Edinburgh Christmas Market 10am-10pm (Dinner) (Salmon) | E34: Food | G34: 15
A35: =$A$8+1 -> 1 | B35: =B34 -> 45628 | C35: 0.83333333
A36: =$A$8+1 -> 1 | B36: =B35 -> 45628 | C36: 0.875
A37: =$A$8+1 -> 1 | B37: =B36 -> 45628 | C37: 0.91666667 | D37: Hotel | E37: Accomodation | G37: 44
A38: =$A$8+2 -> 2 | B38: =B23+1 -> 45629 | C38: 0.33333333
A39: =$A$8+2 -> 2 | B39: =B38 -> 45629 | C39: 0.375 | D39: Breakfast (Mor Bakehouse (Cornish Pastie) (8am-7pm)) | E39: Food | F39: 8min walk | G39: 10
A40: =$A$8+2 -> 2 | B40: =B39 -> 45629 | C40: 0.41666667 | D40: Explore Old Town and Royal Mile (Victoria Street --> Victoria Terrace --> Grassmarket --> The Vennel Viewpoint --> The Flodden Wall --> Greyfriars Kirkyard) | E40: Activity | F40: 1hr wander | G40: 0
A41: =$A$8+2 -> 2 | B41: =B40 -> 45629 | C41: 0.45833333 | D41: National Museum of Scotland (10am-5pm) | E41: Activity | F41: 2min walk | G41: 0
A42: =$A$8+2 -> 2 | B42: =B41 -> 45629 | C42: 0.5 | D42: Museum Context (10am-7pm), Islander Flagship Store (10am-6pm) | E42: Activity | F42: 5min walk | G42: 50
A43: =$A$8+2 -> 2 | B43: =B42 -> 45629 | C43: 0.54166667 | D43: Lunch Makars Mash Bar (12-8:30pm), and Butterscotch Beer from Elephant House (10am-6pm) | E43: Food | F43: 5min walk | G43: 20 | I43: Alternative Bari-uma for Ramen (12-9:30pm)
A44: =$A$8+2 -> 2 | B44: =B43 -> 45629 | C44: 0.58333333 | D44: National Galleries of Scotland: The National (10am-5pm) | E44: Activity | F44: 4min walk | G44: 0
A45: =$A$8+2 -> 2 | B45: =B44 -> 45629 | C45: 0.625 | D45: Scottish National Portrait Gallery: Portrait (10am-5pm) | E45: Activity | F45: 9min walk | G45: 0
A46: =$A$8+2 -> 2 | B46: =B45 -> 45629 | C46: 0.66666667 | D46: Scott Monument | E46: Activity | F46: 7min walk | G46: 0
A47: =$A$8+2 -> 2 | B47: =B46 -> 45629 | C47: 0.70833333 | D47: Edinburgh Christmas Market 10am-10pm (Dinner) (Mac Love or Salt & Chili Chicken) | E47: Food | F47: 4min walk | G47: 15
A48: =$A$8+2 -> 2 | B48: =B47 -> 45629 | C48: 0.75
A49: =$A$8+2 -> 2 | B49: =B48 -> 45629 | C49: 0.79166667
A50: =$A$8+2 -> 2 | B50: =B49 -> 45629 | C50: 0.83333333
A51: =$A$8+2 -> 2 | B51: =B50 -> 45629 | C51: 0.875
A52: =$A$8+2 -> 2 | B52: =B51 -> 45629 | C52: 0.91666667
A53: Total | G53: =SUM(G8:G52) -> 307.5 | H53: =SUM(H8:H52) -> 0
D56: Other Ideas
D57: Explore Dean Village (Hawthornbank Lane)
D58: Royal Botanic Garden
D59: The Gently Mad Bookstore & Bookbinder
D60: Hike Arthur's Seat (Start day early!) | E60: Activity | F60: 1.5hour hike

Sheet Portugal old
B1: $CAD
A2: Budget | B2: 3000
A3: Total Vacation Cost (Activities + Food) | B3: =I138 -> 2789.67
A4: $ Available | B4: =B2-B3 -> 210.33
A5: $ Actual Spent | B5: =K138 -> 261.85
A7: Day | B7: Date | C7: Time | D7: Activity | E7: Category | F7: Travel Time | G7: Transit | H7: Budget Cost (Euro) | I7: Budget Cost ($CAD) | J7: Actual Cost (Euro) | K7: Actual Cost ($CAD) | L7: Notes
A8: 1 | B8: =B18-1 -> 44842 | C8: 0.58333333 | D8: Arrive in Lisbon | E8: Travel | I8: =H8*1.38 -> 0 | K8: =J8*1.38 -> 0
A9: 1 | B9: =B8 -> 44842 | C9: 0.625 | D9: Dinner Cervejaria Ramiro | E9: Food | F9: 5min walk | H9: 100 | I9: =H9*1.38 -> 138 | K9: =J9*1.38 -> 0
A10: 1 | B10: =B9 -> 44842 | C10: 0.66666667 | D10: Wander Barrio Alto Neighbourhood | E10: Activity | G10: 32min transit | I10: =H10*1.38 -> 0 | K10: =J10*1.38 -> 0 | L10: 20% discount with Lisboa Card | N10: Ideas | P10: Route
A11: 1 | B11: =B10 -> 44842 | C11: 0.70833333 | D11: Carmo Convent Ruins (10am-6pm) | E11: Travel | F11: 3min walk | H11: =5*2 -> 10 | I11: =H11*1.38 -> 13.8 | K11: =J11*1.38 -> 0 | L11: Included with Lisboa Card | N11: Lisbon | P11: Lisbon
A12: 1 | B12: =B11 -> 44842 | C12: 0.75 | D12: Santa Justa Lift (7am-11pm) | E12: Activity | F12: 6min walk | H12: =5.15*2 -> 10.3 | I12: =H12*1.38 -> 14.214 | K12: =J12*1.38 -> 0 | L12: Have Chorico Assado na Canoa | N12: Cabo da Roca | P12: Sintra
A13: 1 | B13: =B12 -> 44842 | C13: 0.79166667 | D13: Fado Show (Tasca do Chico on Rua do Loreto 2 7pm-2am) | E13: Activity | F13: 13min walk | H13: 10 | I13: =H13*1.38 -> 13.8 | K13: =J13*1.38 -> 0 | N13: Sintra | P13: Obidos
A14: 1 | B14: =B13 -> 44842 | C14: 0.83333333 | D14: Dessert at Manteigaria (8am-12am) | E14: Food | F14: 3min walk | H14: 3 | I14: =H14*1.38 -> 4.14 | K14: =J14*1.38 -> 0 | N14: Cabo Carvoeiro | P14: Nazare
A15: 1 | B15: =B14 -> 44842 | C15: 0.85416667 | D15: Wander Pink Street | E15: Activity | F15: 6min walk | H15: 0 | I15: =H15*1.38 -> 0 | K15: =J15*1.38 -> 0
A16: 1 | B16: =B14 -> 44842 | C16: 0.875 | D16: Hotel (Lisbon) | E16: Accomodation | H16: 95 | I16: =H16*1.38 -> 131.1 | J16: =K16/1.38 -> 94.873188 | K16: =261.85/2 -> 130.925 | L16: Casas de Sao Bento, Rua Correia Garcao, 3 Lisbon, 1200-640, Portugal | N16: Obidos | P16: Aveiro
A17: 1 | B17: =B16 -> 44842 | C17: 0.91666667 | D17: Transit | E17: Travel | H17: 3 | I17: =H17*1.38 -> 4.14 | K17: =J17*1.38 -> 0 | N17: Mira De Aire Caves | P17: Porto
A18: 2 | B18: 44843 | C18: 0.33333333 | E18: Travel | I18: ='Portugal old'!$H18*1.38 -> 0 | K18: ='Portugal old'!$J18*1.38 -> 0 | N18: Tomar | P18: Duoro Valley
A19: =$A$18 -> 2 | B19: =B18 -> 44843 | C19: 0.375 | D19: Breakfast Pasteis de Belem (8am-9pm) | E19: Food | G19: 44min transit | H19: 3 | I19: ='Portugal old'!$H19*1.38 -> 4.14 | K19: ='Portugal old'!$J19*1.38 -> 0 | N19: Coimbra | P19: Coimbra
A20: =$A$18 -> 2 | B20: =B19 -> 44843 | C20: 0.41666667 | D20: Padrao dos Descobrimentos --> Belem Tower (10am-5:30pm, Closed Monday) | E20: Activity | F20: 18min walk | H20: 0 | I20: ='Portugal old'!$H20*1.38 -> 0 | K20: ='Portugal old'!$J20*1.38 -> 0 | L20: Included with Lisboa Card; without 6 euros/person | N20: Bucaco Forest and Palace | P20: Tomar
A21: =$A$18 -> 2 | B21: =B20 -> 44843 | C21: 0.45833333 | D21: Monastery of San Jeronimo (10am-5pm, Closed Monday) --> Palacio Nacional da Ajuda (10am-5pm, Closed Monday) (14min transit) | E21: Activity | F21: 14min walk | H21: 0 | I21: ='Portugal old'!$H21*1.38 -> 0 | K21: ='Portugal old'!$J21*1.38 -> 0 | L21: Included with Lisboa Card; without 10 euros/person Monastery and 5 euros/person Palace | N21: Espinho | P21: Lisbon
A22: =$A$18 -> 2 | B22: =B21 -> 44843 | C22: 0.5 | D22: LX Factory | E22: Activity | G22: 12min transit | H22: 0 | I22: ='Portugal old'!$H22*1.38 -> 0 | K22: ='Portugal old'!$J22*1.38 -> 0 | N22: Vila Nova de Gaia
A23: =$A$18 -> 2 | B23: =B22 -> 44843 | C23: 0.54166667 | D23: Lunch Bifana (O Trevo) --> Ginjinja Sem Rival (8am-12pm) (10min walk) | E23: Food | G23: 25min transit | H23: 10 | I23: ='Portugal old'!$H23*1.38 -> 13.8 | K23: ='Portugal old'!$J23*1.38 -> 0 | N23: Aveiro
A24: =$A$18 -> 2 | B24: =B23 -> 44843 | C24: 0.58333333 | D24: Santa Engracia National Pantheon (10am-5pm) | E24: Activity | G24: 17min transit | I24: ='Portugal old'!$H24*1.38 -> 0 | K24: ='Portugal old'!$J24*1.38 -> 0 | L24: Included with Lisboa Card; without Arco Da Rua August 3 euros/person | N24: Porto
A25: =$A$18 -> 2 | B25: =B24 -> 44843 | C25: 0.625 | D25: Miraouro das Portas de Sol --> Sao Jorge Castle (9am-9pm)(4min walk) | E25: Activity | F25: 10min walk | H25: 11.2 | I25: ='Portugal old'!$H25*1.38 -> 15.456 | K25: ='Portugal old'!$J25*1.38 -> 0 | L25: 30% discount with Lisboa Card | N25: Duoro Valley
A26: =$A$18 -> 2 | B26: =B25 -> 44843 | C26: 0.66666667 | D26: Se Cathedral (Lisbon Cathedral) --> Praca do Commercio (7min walk) --> Arco da Rua Augusta (9am-7pm) | E26: Activity | F26: 8min walk | I26: ='Portugal old'!$H26*1.38 -> 0 | K26: ='Portugal old'!$J26*1.38 -> 0 | L26: Included with Lisboa Card; without 5 euros/person
A27: =$A$18 -> 2 | B27: =B26 -> 44843 | C27: 0.70833333 | I27: ='Portugal old'!$H27*1.38 -> 0 | K27: ='Portugal old'!$J27*1.38 -> 0
A28: =$A$18 -> 2 | B28: =B27 -> 44843 | C28: 0.75 | D28: Dinner (Tapa Bucho or Leve Leve - Tapas Bar or Trobadores) | E28: Food | G28: 12min transit | H28: 30 | I28: ='Portugal old'!$H28*1.38 -> 41.4 | K28: ='Portugal old'!$J28*1.38 -> 0
A29: =$A$18 -> 2 | B29: =B28 -> 44843 | C29: 0.79166667 | D29: Niva Cremeria Gelateria Italiana (11:30am-12:30am) | E29: Food | H29: 10 | I29: ='Portugal old'!$H29*1.38 -> 13.8 | K29: ='Portugal old'!$J29*1.38 -> 0
A30: =$A$18 -> 2 | B30: =B29 -> 44843 | C30: 0.83333333 | I30: ='Portugal old'!$H30*1.38 -> 0 | K30: ='Portugal old'!$J30*1.38 -> 0
A31: =$A$18 -> 2 | B31: =B30 -> 44843 | C31: 0.875 | D31: Airbnb (Lisbon) | E31: Accomodation | H31: 95 | I31: ='Portugal old'!$H31*1.38 -> 131.1 | J31: =K31/1.38 -> 94.873188 | K31: =261.85/2 -> 130.925 | L31: Casas de Sao Bento, Rua Correia Garcao, 3 Lisbon, 1200-640, Portugal
A32: =$A$18 -> 2 | B32: =B31 -> 44843 | C32: 0.91666667 | D32: Transit (Purchase 24 hour Lisboa Card) | E32: Car | H32: 42 | I32: ='Portugal old'!$H32*1.38 -> 57.96 | K32: ='Portugal old'!$J32*1.38 -> 0 | L32: Lisboa Card is (21Euros/Person), 24hour bus fare is 6.40 euros/person
A33: =$A$18+1 -> 3 | B33: =B18+1 -> 44844 | C33: 0.33333333 | D33: Breakfast Confeteiria Nacional (8:30am-8pm) or Cafe A Brasileira (8am-12am) | E33: Food | H33: 10 | I33: ='Portugal old'!$H33*1.38 -> 13.8 | K33: ='Portugal old'!$J33*1.38 -> 0
A34: =$A$18+1 -> 3 | B34: =B33 -> 44844 | C34: 0.375 | D34: Pick-up Car | E34: Car | H34: 290 | I34: ='Portugal old'!$H34*1.38 -> 400.2 | K34: ='Portugal old'!$J34*1.38 -> 0 | L34: https://www.getyourguide.com/porto-l151/around-the-douro-valley-all-included-t73660/
A35: =$A$18+1 -> 3 | B35: =B34 -> 44844 | C35: 0.41666667 | D35: Quinta de Regaleira (10am-5:30pm) | E35: Activity | F35: 30min drive | H35: 20 | I35: ='Portugal old'!$H35*1.38 -> 27.6 | K35: ='Portugal old'!$J35*1.38 -> 0
A36: =$A$18+1 -> 3 | B36: =B35 -> 44844 | C36: 0.45833333 | D36: Palacio Nacional de Sintra (9am-5:30pm) | E36: Activity | F36: 13min walk | H36: 20 | I36: ='Portugal old'!$H36*1.38 -> 27.6 | K36: ='Portugal old'!$J36*1.38 -> 0
A37: =$A$18+1 -> 3 | B37: =B36 -> 44844 | C37: 0.5 | D37: Lunch in Sintra (Tascantiga - Closed Sun, Mon-Sat 12-5pm, Fri-Sat 7-10pm) | E37: Food | F37: 6min walk | H37: 25 | I37: ='Portugal old'!$H37*1.38 -> 34.5 | K37: ='Portugal old'!$J37*1.38 -> 0
A38: =$A$18+1 -> 3 | B38: =B37 -> 44844 | C38: 0.54166667 | D38: Casa Piriquita (9:30am-7pm) | E38: Food | F38: 2min walk | H38: 3 | I38: ='Portugal old'!$H38*1.38 -> 4.14 | K38: ='Portugal old'!$J38*1.38 -> 0
A39: =$A$18+1 -> 3 | B39: =B38 -> 44844 | C39: 0.58333333 | D39: Castelos dos Mouros (9:30am-5:30pm) | E39: Activity | F39: 13min walk | H39: 16 | I39: ='Portugal old'!$H39*1.38 -> 22.08 | K39: ='Portugal old'!$J39*1.38 -> 0
A40: =$A$18+1 -> 3 | B40: =B39 -> 44844 | C40: 0.625 | D40: Pena Palace (9am-6pm) | E40: Activity | F40: 15min walk | H40: 28 | I40: ='Portugal old'!$H40*1.38 -> 38.64 | K40: ='Portugal old'!$J40*1.38 -> 0
A41: =$A$18+1 -> 3 | B41: =B40 -> 44844 | C41: 0.66666667 | D41: Palacio de Monserrate (9am-6pm) | E41: Activity | F41: 15min drive | H41: 16 | I41: ='Portugal old'!$H41*1.38 -> 22.08 | K41: ='Portugal old'!$J41*1.38 -> 0
A42: =$A$18+1 -> 3 | B42: =B41 -> 44844 | C42: 0.70833333 | D42: Convento dos Capuchos (9am-6pm) | E42: Activity | F42: 20min drive | H42: 14 | I42: ='Portugal old'!$H42*1.38 -> 19.32 | K42: ='Portugal old'!$J42*1.38 -> 0
A43: =$A$18+1 -> 3 | B43: =B42 -> 44844 | C43: 0.75 | D43: Cabo da Roca (Lighthouse) --> Praia Da Adraga (15min drive) | E43: Activity | F43: 17min drive | H43: 0 | I43: ='Portugal old'!$H43*1.38 -> 0 | K43: ='Portugal old'!$J43*1.38 -> 0
A44: =$A$18+1 -> 3 | B44: =B43 -> 44844 | C44: 0.79166667 | D44: Dinner Bacalhau na Vila (Closed Tues, Weds-Mon 12-5pm, 7-10pm) | E44: Food | I44: ='Portugal old'!$H44*1.38 -> 0 | K44: ='Portugal old'!$J44*1.38 -> 0
A45: =$A$18+1 -> 3 | B45: =B44 -> 44844 | C45: 0.83333333 | I45: ='Portugal old'!$H45*1.38 -> 0 | K45: ='Portugal old'!$J45*1.38 -> 0
A46: =$A$18+1 -> 3 | B46: =B45 -> 44844 | C46: 0.875 | D46: Airbnb (Sintra) | E46: Accomodation | H46: 95 | I46: ='Portugal old'!$H46*1.38 -> 131.1 | K46: ='Portugal old'!$J46*1.38 -> 0
A47: =$A$18+1 -> 3 | B47: =B46 -> 44844 | C47: 0.91666667 | D47: Parking | E47: Car | H47: 10 | I47: ='Portugal old'!$H47*1.38 -> 13.8 | K47: ='Portugal old'!$J47*1.38 -> 0
A48: =$A$18+2 -> 4 | B48: =B33+1 -> 44845 | C48: 0.33333333 | D48: Breakfast at Garagem Cafe (10am-7pm) | E48: Food | H48: 15 | I48: ='Portugal old'!$H48*1.38 -> 20.7 | K48: ='Portugal old'!$J48*1.38 -> 0
A49: =$A$18+2 -> 4 | B49: =B48 -> 44845 | C49: 0.375 | D49: Wander Nazare (Mirador do Suberco --> Santuario de Nossa Senhora da Nazare (2min walk)) | E49: Activity | F49: 1h 27min drive | H49: 0 | I49: ='Portugal old'!$H49*1.38 -> 0 | K49: ='Portugal old'!$J49*1.38 -> 0
A50: =$A$18+2 -> 4 | B50: =B49 -> 44845 | C50: 0.41666667 | D50: Forte de Sao Miguel Arcanjo/Farol da Nazare (10min walk) | E50: Activity | F50: 9min walk | H50: 2 | I50: ='Portugal old'!$H50*1.38 -> 2.76 | K50: ='Portugal old'!$J50*1.38 -> 0
A51: =$A$18+2 -> 4 | B51: =B50 -> 44845 | C51: 0.45833333 | D51: Nazare Beach | E51: Activity | F51: 11min drive | H51: 0 | I51: ='Portugal old'!$H51*1.38 -> 0 | K51: ='Portugal old'!$J51*1.38 -> 0
A52: =$A$18+2 -> 4 | B52: =B51 -> 44845 | C52: 0.5 | D52: Lunch at Rosa Dos Ventos in Nazare (12-3:15pm, 7-9:45pm) | E52: Food | F52: 8min walk | H52: 30 | I52: ='Portugal old'!$H52*1.38 -> 41.4 | K52: ='Portugal old'!$J52*1.38 -> 0
A53: =$A$18+2 -> 4 | B53: =B52 -> 44845 | C53: 0.54166667 | D53: Aveiro Museum (Closed Monday, Tues-Sun 10am-12:30pm, 1:30-6:00pm) --> Se Cathedral | E53: Activity | F53: 1h 26min drive | H53: 8 | I53: ='Portugal old'!$H53*1.38 -> 11.04 | K53: ='Portugal old'!$J53*1.38 -> 0
A54: =$A$18+2 -> 4 | B54: =B53 -> 44845 | C54: 0.58333333 | D54: Wander Aveiro Canals | E54: Activity | F54: 11min walk | H54: 26 | I54: ='Portugal old'!$H54*1.38 -> 35.88 | K54: ='Portugal old'!$J54*1.38 -> 0
A55: =$A$18+2 -> 4 | B55: =B54 -> 44845 | C55: 0.625 | D55: Snack ovos mole (Confeitaria Peixinho 10am-8pm) | E55: Food | F55: 8min walk | H55: 20 | I55: ='Portugal old'!$H55*1.38 -> 27.6 | K55: ='Portugal old'!$J55*1.38 -> 0
A56: =$A$18+2 -> 4 | B56: =B55 -> 44845 | C56: 0.66666667 | D56: Salinas de Aveiro | E56: Activity | F56: 2min drive | H56: 0 | I56: ='Portugal old'!$H56*1.38 -> 0 | K56: ='Portugal old'!$J56*1.38 -> 0
A57: =$A$18+2 -> 4 | B57: =B56 -> 44845 | C57: 0.70833333 | D57: Praia da Costa Nova/Costa Nova | E57: Activity | F57: 10min drive | H57: 0 | I57: ='Portugal old'!$H57*1.38 -> 0 | K57: ='Portugal old'!$J57*1.38 -> 0
A58: =$A$18+2 -> 4 | B58: =B57 -> 44845 | C58: 0.75 | D58: Praia da Barra/Farol de Aveiro | E58: Activity | F58: 3min drive | H58: 0 | I58: ='Portugal old'!$H58*1.38 -> 0 | K58: ='Portugal old'!$J58*1.38 -> 0
A59: =$A$18+2 -> 4 | B59: =B58 -> 44845 | C59: 0.79166667 | D59: Dinner Salpoente | E59: Food | F59: 10min drive | H59: 160 | I59: ='Portugal old'!$H59*1.38 -> 220.8 | K59: ='Portugal old'!$J59*1.38 -> 0
A60: =$A$18+2 -> 4 | B60: =B59 -> 44845 | C60: 0.83333333 | I60: ='Portugal old'!$H60*1.38 -> 0 | K60: ='Portugal old'!$J60*1.38 -> 0
A61: =$A$18+2 -> 4 | B61: =B60 -> 44845 | C61: 0.875 | D61: Airbnb (Aveiro) | E61: Accomodation | H61: 95 | I61: ='Portugal old'!$H61*1.38 -> 131.1 | K61: ='Portugal old'!$J61*1.38 -> 0
A62: =$A$18+2 -> 4 | B62: =B61 -> 44845 | C62: 0.91666667 | D62: Parking | E62: Car | H62: 10 | I62: ='Portugal old'!$H62*1.38 -> 13.8 | K62: ='Portugal old'!$J62*1.38 -> 0
A63: =$A$18+3 -> 5 | B63: =B48+1 -> 44846 | C63: 0.33333333 | D63: Breakfast? | E63: Food | H63: 10 | I63: ='Portugal old'!$H63*1.38 -> 13.8 | K63: ='Portugal old'!$J63*1.38 -> 0
A64: =$A$18+3 -> 5 | B64: =B63 -> 44846 | C64: 0.375 | I64: ='Portugal old'!$H64*1.38 -> 0 | K64: ='Portugal old'!$J64*1.38 -> 0
A65: =$A$18+3 -> 5 | B65: =B64 -> 44846 | C65: 0.41666667 | D65: Jardins del Palacio de Cristal (8am-9pm) | E65: Activity | F65: 49min drive | H65: 0 | I65: ='Portugal old'!$H65*1.38 -> 0 | K65: ='Portugal old'!$J65*1.38 -> 0
A66: =$A$18+3 -> 5 | B66: =B65 -> 44846 | C66: 0.45833333 | D66: Igreja do Carmo 9am-6pm --> Livraria Lello 9am-7pm (2min walk) | E66: Activity | F66: 12min walk | H66: 10 | I66: ='Portugal old'!$H66*1.38 -> 13.8 | K66: ='Portugal old'!$J66*1.38 -> 0
A67: =$A$18+3 -> 5 | B67: =B66 -> 44846 | C67: 0.5 | D67: Lunch Casa de Pasto O Golfinho for Francesinha (12-3pm 7:30-10:30pm, Closed Sunday) | E67: Food | F67: 3min walk | H67: 20 | I67: ='Portugal old'!$H67*1.38 -> 27.6 | K67: ='Portugal old'!$J67*1.38 -> 0
A68: =$A$18+3 -> 5 | B68: =B67 -> 44846 | C68: 0.54166667 | D68: Clerigos church 9am-7pm (5min walk) --> Praca de Liberdade/Avenida dos Aliados (3min walk) --> Sao Bento Station (3min walk) (See Azulejos) --> Porto Cathedral 9am-6:30pm (6min walk) --> Muralha Fernadina (4min walk) --> Dom Luis Bridge (2min walk) --> Cais da Ribiera (4min walk) --> Praca de infante Square (6min walk) | E68: Activity | F68: 1hour walk | H68: 12 | I68: ='Portugal old'!$H68*1.38 -> 16.56 | K68: ='Portugal old'!$J68*1.38 -> 0
A69: =$A$18+3 -> 5 | B69: =B68 -> 44846 | C69: 0.58333333 | I69: ='Portugal old'!$H69*1.38 -> 0 | K69: ='Portugal old'!$J69*1.38 -> 0
A70: =$A$18+3 -> 5 | B70: =B69 -> 44846 | C70: 0.625 | D70: Palacio da Bolsa (2min walk) (9am-6:30pm) | E70: Activity | F70: 1min walk | H70: 10 | I70: ='Portugal old'!$H70*1.38 -> 13.8 | K70: ='Portugal old'!$J70*1.38 -> 0
A71: =$A$18+3 -> 5 | B71: =B70 -> 44846 | C71: 0.66666667 | D71: Opulent igreja de Sao Francisco (9am-8pm) (Wander Porto) | E71: Activity | F71: 1min walk | H71: 17 | I71: ='Portugal old'!$H71*1.38 -> 23.46 | K71: ='Portugal old'!$J71*1.38 -> 0
A72: =$A$18+3 -> 5 | B72: =B71 -> 44846 | C72: 0.70833333 | I72: ='Portugal old'!$H72*1.38 -> 0 | K72: ='Portugal old'!$J72*1.38 -> 0
A73: =$A$18+3 -> 5 | B73: =B72 -> 44846 | C73: 0.75 | I73: ='Portugal old'!$H73*1.38 -> 0 | K73: ='Portugal old'!$J73*1.38 -> 0
A74: =$A$18+3 -> 5 | B74: =B73 -> 44846 | C74: 0.79166667 | D74: Dinner | I74: ='Portugal old'!$H74*1.38 -> 0 | K74: ='Portugal old'!$J74*1.38 -> 0
A75: =$A$18+3 -> 5 | B75: =B74 -> 44846 | C75: 0.83333333 | I75: ='Portugal old'!$H75*1.38 -> 0 | K75: ='Portugal old'!$J75*1.38 -> 0
A76: =$A$18+3 -> 5 | B76: =B75 -> 44846 | C76: 0.875 | D76: Airbnb | E76: Accomodation | H76: 95 | I76: ='Portugal old'!$H76*1.38 -> 131.1 | K76: ='Portugal old'!$J76*1.38 -> 0
A77: =$A$18+3 -> 5 | B77: =B76 -> 44846 | C77: 0.91666667 | D77: Parking | E77: Car | H77: 10 | I77: ='Portugal old'!$H77*1.38 -> 13.8 | K77: ='Portugal old'!$J77*1.38 -> 0 | L77: 24 hour Porto Card 13 euros/person
A78: =$A$18+4 -> 6 | B78: =B63+1 -> 44847 | C78: 0.33333333 | I78: ='Portugal old'!$H78*1.38 -> 0 | K78: ='Portugal old'!$J78*1.38 -> 0
A79: =$A$18+4 -> 6 | B79: =B78 -> 44847 | C79: 0.375 | D79: Duoro Valley Tour | I79: ='Portugal old'!$H79*1.38 -> 0 | K79: ='Portugal old'!$J79*1.38 -> 0
A80: =$A$18+4 -> 6 | B80: =B79 -> 44847 | C80: 0.41666667 | I80: ='Portugal old'!$H80*1.38 -> 0 | K80: ='Portugal old'!$J80*1.38 -> 0
A81: =$A$18+4 -> 6 | B81: =B80 -> 44847 | C81: 0.45833333 | I81: ='Portugal old'!$H81*1.38 -> 0 | K81: ='Portugal old'!$J81*1.38 -> 0
A82: =$A$18+4 -> 6 | B82: =B81 -> 44847 | C82: 0.5 | I82: ='Portugal old'!$H82*1.38 -> 0 | K82: ='Portugal old'!$J82*1.38 -> 0
A83: =$A$18+4 -> 6 | B83: =B82 -> 44847 | C83: 0.54166667 | I83: ='Portugal old'!$H83*1.38 -> 0 | K83: ='Portugal old'!$J83*1.38 -> 0
A84: =$A$18+4 -> 6 | B84: =B83 -> 44847 | C84: 0.58333333 | I84: ='Portugal old'!$H84*1.38 -> 0 | K84: ='Portugal old'!$J84*1.38 -> 0
A85: =$A$18+4 -> 6 | B85: =B84 -> 44847 | C85: 0.625 | I85: ='Portugal old'!$H85*1.38 -> 0 | K85: ='Portugal old'!$J85*1.38 -> 0
A86: =$A$18+4 -> 6 | B86: =B85 -> 44847 | C86: 0.66666667 | I86: ='Portugal old'!$H86*1.38 -> 0 | K86: ='Portugal old'!$J86*1.38 -> 0
A87: =$A$18+4 -> 6 | B87: =B86 -> 44847 | C87: 0.70833333 | I87: ='Portugal old'!$H87*1.38 -> 0 | K87: ='Portugal old'!$J87*1.38 -> 0
A88: =$A$18+4 -> 6 | B88: =B87 -> 44847 | C88: 0.75 | I88: ='Portugal old'!$H88*1.38 -> 0 | K88: ='Portugal old'!$J88*1.38 -> 0
A89: =$A$18+4 -> 6 | B89: =B88 -> 44847 | C89: 0.79166667 | D89: Dinner | E89: Food | I89: ='Portugal old'!$H89*1.38 -> 0 | K89: ='Portugal old'!$J89*1.38 -> 0
A90: =$A$18+4 -> 6 | B90: =B89 -> 44847 | C90: 0.83333333 | I90: ='Portugal old'!$H90*1.38 -> 0 | K90: ='Portugal old'!$J90*1.38 -> 0
A91: =$A$18+4 -> 6 | B91: =B90 -> 44847 | C91: 0.875 | D91: Airbnb | E91: Accomodation | H91: 95 | I91: ='Portugal old'!$H91*1.38 -> 131.1 | K91: ='Portugal old'!$J91*1.38 -> 0
A92: =$A$18+4 -> 6 | B92: =B91 -> 44847 | C92: 0.91666667 | D92: Parking | E92: Car | H92: 10 | I92: ='Portugal old'!$H92*1.38 -> 13.8 | K92: ='Portugal old'!$J92*1.38 -> 0
A93: =$A$18+5 -> 7 | B93: =B78+1 -> 44848 | C93: 0.33333333 | I93: ='Portugal old'!$H93*1.38 -> 0 | K93: ='Portugal old'!$J93*1.38 -> 0
A94: =$A$18+5 -> 7 | B94: =B93 -> 44848 | C94: 0.375 | D94: Breakfast | E94: Food | I94: ='Portugal old'!$H94*1.38 -> 0 | K94: ='Portugal old'!$J94*1.38 -> 0
A95: =$A$18+5 -> 7 | B95: =B94 -> 44848 | C95: 0.41666667 | D95: Praia de Salgueiros | E95: Activity | H95: 0 | I95: ='Portugal old'!$H95*1.38 -> 0 | K95: ='Portugal old'!$J95*1.38 -> 0
A96: =$A$18+5 -> 7 | B96: =B95 -> 44848 | C96: 0.45833333 | I96: ='Portugal old'!$H96*1.38 -> 0 | K96: ='Portugal old'!$J96*1.38 -> 0
A97: =$A$18+5 -> 7 | B97: =B96 -> 44848 | C97: 0.5 | D97: Lunch Brasao Salgueiros? | E97: Food | H97: 32 | I97: ='Portugal old'!$H97*1.38 -> 44.16 | K97: ='Portugal old'!$J97*1.38 -> 0
A98: =$A$18+5 -> 7 | B98: =B97 -> 44848 | C98: 0.54166667 | D98: Porto Port Tasting in Vila Nova de Gaia | I98: ='Portugal old'!$H98*1.38 -> 0 | K98: ='Portugal old'!$J98*1.38 -> 0
A99: =$A$18+5 -> 7 | B99: =B98 -> 44848 | C99: 0.58333333 | D99: Sandeman | I99: ='Portugal old'!$H99*1.38 -> 0 | K99: ='Portugal old'!$J99*1.38 -> 0
A100: =$A$18+5 -> 7 | B100: =B99 -> 44848 | C100: 0.625 | D100: Calem | I100: ='Portugal old'!$H100*1.38 -> 0 | K100: ='Portugal old'!$J100*1.38 -> 0
A101: =$A$18+5 -> 7 | B101: =B100 -> 44848 | C101: 0.66666667 | D101: Ramos Pinto | I101: ='Portugal old'!$H101*1.38 -> 0 | K101: ='Portugal old'!$J101*1.38 -> 0
...

Sheet Pivot Table 1
A2: Edinburgh
